 Dungeon Crawl Stone Soup version 0.27.0-1-g7a089689b8 (webtiles) character file.

Game seed: 6934616561587425357

9220 wakim the Zephyrmancer (level 11, -5/65 HPs)
             Began as a Deep Elf Ice Elementalist on Aug 2, 2021.
             Was a Believer of Vehumet.
             Slain by a two-headed ogre (10 damage)
             ... on level 10 of the Dungeon.
             The game lasted 00:32:59 (14894 turns).

wakim the Zephyrmancer (Deep Elf Ice Elementalist) Turns: 14894, Time: 00:32:59

Health: -5/65      AC: 12    Str:  9    XL:     11   Next: 20%
Magic:  8/19       EV: 17    Int: 20    God:    Vehumet [**....]
Gold:   542        SH:  5    Dex: 18    Spells: 4/19 levels left

rFire    . . .     SeeInvis .   a - +11 scimitar of Ascent {freeze, Will+ Str+4 Int-4 Dex+3}
rCold    + . .     Faith    .   g - +0 buckler
rNeg     . . .     Spirit   .   h - +0 robe
rPois    .         Reflect  .   (no helmet)
rElec    .         Harm     .   (no cloak)
rCorr    .         Rampage  .   c - +0 pair of gloves
Will     +++..                  l - +1 pair of boots
Stlth    +++.......             (no amulet)
HPRegen  0.20/turn              i - ring of willpower
MPRegen  0.16/turn              o - ring of protection from cold

@: ice-armoured, freezing walls
A: no striking features
a: Renounce Religion


You were on level 10 of the Dungeon.
You worshipped Vehumet.
Vehumet was pleased with you.
You visited 2 branches of the dungeon, and saw 11 of its levels.

You collected 600 gold pieces.
You spent 58 gold pieces at shops.

Inventory:

Hand Weapons
 a - the +11 scimitar of Ascent (weapon) {freeze, Will+ Str+4 Int-4 Dex+3}
   (You found it on level 8 of the Dungeon)

   It freezes those it strikes, dealing additional cold damage.
   It can also slow down cold-blooded creatures.
   Str:       It affects your strength (+4).
   Int:       It affects your intelligence (-4).
   Dex:       It affects your dexterity (+3).
   Will:      It increases your willpower.
 b - a +6 mace
Missiles
 n - 2 curare-tipped darts {=f}
Armour
 c - a +0 pair of gloves (worn)
 g - a +0 buckler (worn)
 h - a +0 robe (worn)
 l - a +1 pair of boots (worn)
Jewellery
 d - a ring of wizardry
 i - a ring of willpower (left hand)
 o - a ring of protection from cold (right hand)
Wands
 v - a wand of flame (15)
 w - a wand of acid (5)
 x - a wand of iceblast (5)
 y - a wand of paralysis (6)
Scrolls
 e - a scroll of enchant armour
 m - a scroll of brand weapon
 T - 2 scrolls of teleportation
 U - a scroll of fear
 X - 2 scrolls of fog
 Y - a scroll of blinking {!r}
Potions
 f - a potion of haste {unknown}
 j - a potion of berserk rage {unknown}
 A - 7 potions of ambrosia
 B - 2 potions of attraction {!q}
 D - 4 potions of brilliance
 F - 2 potions of curing
 G - 4 potions of flight
 I - 2 potions of invisibility
 J - 2 potions of heal wounds
 M - 2 potions of mutation {!q}


   Skills:
 * Level 6.3 Fighting
 * Level 8.5 Dodging
 - Level 4.0 Stealth
 - Level 4.0 Shields
 + Level 4.5 Spellcasting
 - Level 4.0 Summonings
 - Level 4.0 Fire Magic
 + Level 8.2 Ice Magic
 + Level 9.8 Air Magic


You had 4 spell levels left.
You knew the following spells:

 Your Spells              Type           Power      Damage    Failure   Level
a - Freeze                Ice            100%       1d11      1%          1
b - Frozen Ramparts       Ice            74%        1d9       1%          3
c - Ozocubu's Armour      Ice            37%        N/A       1%          3
d - Airstrike             Air            21%        N/A       2%          4
z - Summon Lightning Spi  Summ/Air       32%        N/A       7%          4

Your spell library contained the following spells:

 Spells                   Type           Power      Damage    Failure   Level
 Static Discharge         Conj/Air       24%        N/A       2%          2
 Conjure Flame            Conj/Fire      12%        6-21      16%         3
 Ignite Poison            Fire/Tmut/Pois 9%         N/A       22%         3
 Hailstorm                Conj/Ice       21%        3d6       22%         4
 Sticky Flame             Conj/Fire      12%        2d4       47%         4
 Lightning Bolt           Conj/Air       12%        1d25      41%         5


Dungeon Overview and Level Annotations

Branches:
Dungeon (10/15)            Temple (1/1) D:5            Lair (0/6) D:10
    Orc (0/2) D:10

Altars:
Ashenzari
Cheibriados
Dithmenos
Elyvilon
Fedhas
Gozag
Hepliaklqana
Kikubaaqudgha
Makhleb
Nemelex Xobeh
Okawaru
Qazlal
Ru
Sif Muna
Trog
Uskayaw
Vehumet
Wu Jian
Xom
Yredelemnul
Zin
The Shining One

Shops:
D:2 !   D:7 *   D:10 *


Message History

You slash the two-headed ogre! You freeze the two-headed ogre.
The two-headed ogre is heavily wounded.
The centaur warrior zombie completely resists.
The wall freezes the centaur warrior zombie but does no damage.
The wall freezes the two-headed ogre.
The two-headed ogre closely misses you.
The two-headed ogre hits you with a +0 giant club!
* * * LOW HITPOINT WARNING * * *
A troll comes into view.
The howler monkey zombie completely resists.
The wall freezes the howler monkey zombie but does no damage.
The centaur warrior zombie resists.
The wall freezes the centaur warrior zombie.
The centaur warrior zombie completely misses you.
The centaur warrior zombie closely misses you.
The wight resists.
The wall freezes the wight.
Casting: Ozocubu's Armour (safe; 1% risk of failure)
Confirm with . or Enter, or press ? or * to list all spells.
Okay, then.
You barely miss the centaur warrior zombie.
The centaur warrior zombie is lightly damaged.
The centaur warrior zombie completely resists.
The wall freezes the centaur warrior zombie but does no damage.
You block the centaur warrior zombie's attack.
The centaur warrior zombie completely misses you.
The wall freezes the two-headed ogre!
The two-headed ogre hits you with a +0 giant spiked club!
* * * LOW HITPOINT WARNING * * *
The two-headed ogre hits you with a +0 giant club!!
* * * LOW HITPOINT WARNING * * *
The howler monkey zombie resists.
The wall freezes the howler monkey zombie.
The wight completely resists.
The wall freezes the wight but does no damage.
The centaur warrior zombie completely resists.
The wall freezes the centaur warrior zombie but does no damage.
The centaur warrior zombie completely misses you.
You block the centaur warrior zombie's attack.
The wall freezes the troll.
The wall freezes the two-headed ogre.
The two-headed ogre hits you with a +0 giant spiked club!
You die...

≈....# #.##.##.####.#...#.###.
≈≈...# #.##.##.# #.#...#.# ##
.≈...# #.##.##.# #.....#.#
.≈...######.##.##.# ##.#'##.#
...............##.# #.#.##.#
.....######.#####.#####...##.#
....[........# #............#
############.###########..####
........ZzO@Z.....#..# #####
#...#...T####.....#..# #....
#. #....# #...#..# #....
#...Z# ..#..# #.... ##....
#..# #...# #...#. #..# #...#
#...#y #..# #...# ##..# Z #..#
##.## #..# #...


You could see a two-headed ogre, a troll, a wight, a centaur warrior zombie and
a howler monkey zombie.

Vanquished Creatures
  A two-headed ogre (D:10)
  Pikel (D:7)
  Joseph (D:7)
  An unseen horror (D:7)
  A queen bee (D:9)
  A troll (D:10)
  A vampire (D:7)
  A wraith (D:9)
  6 wyverns
  Grum (D:8)
  A vampire mosquito (D:10)
  2 swamp worms (D:8)
  2 acid dragons (D:10)
  3 water moccasins (D:10)
  Duvessa (D:5)
  2 orc warriors
  A sky beast (D:8)
  A necrophage (D:6)
  3 black bears (D:10)
  3 ice beasts
  2 ogres
  3 centaurs
  2 lemures (D:7)
  3 wolves
  3 kobold brigands
  3 bullfrogs
  3 scorpions
  A water moccasin zombie (D:7)
  A water moccasin skeleton (D:5)
  Dowan (D:5)
  18 killer bees (D:9)
  An electric eel (D:10)
  11 wights
  3 howler monkeys (D:7)
  A bullfrog zombie (D:7)
  4 centaur zombies
  3 orc priests
  2 jellies (D:5)
  2 bullfrog skeletons
  3 hounds
  5 iguanas
  An orc wizard (D:10)
  2 hound skeletons (D:4)
  A howler monkey zombie (D:6)
  10 gnolls
  5 adders
  A shadow imp (D:8)
  4 white imps
  An ufetubus (D:4)
  5 dart slugs
  8 orcs
  10 ball pythons
  11 endoplasms
  A giant cockroach (D:4)
  5 goblins
  6 hobgoblins
  4 jackals (D:4)
  17 kobolds
  6 bats
  A frilled lizard (D:1)
  3 rats
211 creatures vanquished.

Vanquished Creatures (collateral kills)
  A killer bee (D:9)
1 creature vanquished.

Vanquished Creatures (others)
  4 fungi (D:10)
  12 plants
16 creatures vanquished.

Grand Total: 228 creatures vanquished

Notes
Turn   | Place    | Note
-------+----------+-------------------------------------------
     0 | D:1      | wakim the Deep Elf Ice Elementalist began the quest for the
                  | Orb.
     0 | D:1      | Reached XP level 1. HP: 10/10 MP: 6/6
   245 | D:1      | Reached XP level 2. HP: 15/15 MP: 4/8
   291 | D:1      | Reached skill level 5 in Ice Magic
   779 | D:2      | Found a sacrificial altar of Ru.
   845 | D:2      | Reached XP level 3. HP: 15/19 MP: 6/9
  1055 | D:2      | Learned a level 3 spell: Frozen Ramparts
  1059 | D:2      | Learned a level 3 spell: Ozocubu's Armour
  1272 | D:2      | Found Hanewatt's Distillery.
  1560 | D:2      | Found a faded altar of an unknown god.
  1664 | D:2      | Reached skill level 1 in Shields
  1971 | D:3      | Reached XP level 4. HP: 20/24 MP: 6/10
  2818 | D:3      | Reached XP level 5. HP: 28/28 MP: 5/11
  3649 | D:4      | Noticed an ogre
  3658 | D:4      | Killed an ogre
  3659 | D:4      | Reached XP level 6. HP: 32/32 MP: 6/12
  3783 | D:4      | Found a bloodstained altar of Trog.
  3792 | D:4      | Noticed an ice beast
  4121 | D:4      | Reached skill level 1 in Fire Magic
  4513 | D:5      | Entered Level 5 of the Dungeon
  4513 | D:5      | Noticed Duvessa
  4513 | D:5      | Noticed Dowan
  5182 | D:5      | Reached skill level 1 in Air Magic
  5505 | D:5      | Reached XP level 7. HP: 36/36 MP: 6/13
  5515 | D:5      | Reached skill level 2 in Air Magic
  5733 | D:5      | Reached skill level 3 in Air Magic
  5934 | D:4      | Reached skill level 4 in Air Magic
  6093 | D:5      | Killed Dowan
  6095 | D:5      | Killed Duvessa
  6096 | D:5      | Reached XP level 8. HP: 27/42 MP: 8/15
  6231 | D:5      | Found a staircase to the Ecumenical Temple.
  6237 | Temple   | Entered the Ecumenical Temple
  6294 | Temple   | Became a worshipper of Vehumet
  6637 | D:6      | Reached skill level 1 in Fighting
  7205 | D:6      | Reached skill level 5 in Air Magic
  7783 | D:7      | Noticed Joseph
  7803 | D:7      | Killed Joseph
  7804 | D:7      | Reached skill level 6 in Air Magic
  7804 | D:7      | Reached XP level 9. HP: 16/49 MP: 9/17
  7816 | D:7      | Learned a level 4 spell: Airstrike
  8059 | D:7      | Reached skill level 5 in Dodging
  8194 | D:7      | Found Lorphak's Assorted Antiques.
  8206 | D:7      | Killed an unseen horror
  8207 | D:7      | Reached skill level 7 in Air Magic
  8948 | D:7      | Bought a scroll labelled IDIRUE WIWU CEO for 31 gold pieces
  8948 | D:7      | Bought a fuming blue potion for 27 gold pieces
  8952 | D:7      | Noticed Pikel
  8961 | D:7      | Killed Pikel
  8962 | D:7      | Reached skill level 8 in Air Magic
  9268 | D:8      | Reached * piety under Vehumet
  9268 | D:8      | Offered knowledge of Sandblast by Vehumet.
  9268 | D:8      | Noticed Grum
  9271 | D:8      | Killed Grum
 10028 | D:8      | Reached XP level 10. HP: 58/58 MP: 10/18
 10254 | D:8      | Identified the +11 scimitar of Ascent {freeze, Will+ Str+4
                  | Int-4 Dex+3}
 10633 | D:8      | Reached skill level 1 in Summonings
 12649 | D:9      | Learned a level 4 spell: Summon Lightning Spire
 12717 | D:9      | Reached skill level 5 in Fighting
 13031 | D:9      | Reached ** piety under Vehumet
 13032 | D:9      | Offered knowledge of Poisonous Vapours by Vehumet.
 13362 | D:10     | Entered Level 10 of the Dungeon
 13366 | D:10     | Reached skill level 9 in Air Magic
 13468 | D:10     | Found a staircase to the Lair.
 13721 | D:10     | Reached XP level 11. HP: 64/64 MP: 13/19
 13875 | D:10     | Found a staircase to the Orcish Mines.
 13887 | D:10     | Offered knowledge of Static Discharge by Vehumet.
 14368 | D:10     | Found Atos's General Store.
 14644 | D:10     | Noticed a two-headed ogre
 14659 | D:10     | Killed a two-headed ogre
 14885 | D:10     | Noticed a two-headed ogre
 14894 | D:10     | Slain by a two-headed ogre

Illustrated notes

Levels and vault maps discovered:
D:1:      lemuel_arrival_broad_hall, layout_rooms, corexii_corridor_pit
D:2:      kennysheep_big_flooded_room, layout_basic,
          hellmonk_ecumenical_altar_lost_god, basic_altar, serial_shops, shop
D:3:      layout_basic, chequers_serial_rivers_large_a
D:4:      layout_basic, old_standard_altar, minmay_checkerbox
D:5:      layout_loops_ring, minmay_temple_entry_trees, patterned_corridor,
          uniq_duvessa
D:6:      layout_loops_ring
D:7:      layout_basic, serial_shops, shop, uniq_pikel, uniq_joseph
D:8:      layout_cave_pools, serial_bayou_pond_c, minmay_misc_feat_diagonals,
          worms_lemuel, uniq_grum
D:9:      layout_roguey, special_room [special_room_bee], minmay_misc_feat_doors
D:10:     minmay_recursive_quarters, layout_basic, minmay_lair_entry_grove,
          orc_0_dummy, serial_shops, nicolae_shop_stone
Temple:   grunt_wide_crystal_templ

Skill      XL: |  1  2  3  4  5  6  7  8  9 10 |
---------------+-------------------------------+-----
Ice Magic      | 5 6 7 8 |  8.2
Shields        | 1 2 3 4 |  4.0
Fire Magic     | 1 2 4 |  4.0
Air Magic      | 1 4 6 8 9 |  9.8
Dodging        | 4 6 8 |  8.5
Stealth        | 4 |  4.0
Fighting       | 2 4 6 |  6.3
Spellcasting   | 4 |  4.5
Summonings     | 4 |  4.0

Action                   |  1- 3 |  4- 6 |  7- 9 | 10-12 || total
-------------------------+-------+-------+-------+-------++-------
Melee: Dagger            |     1 |    71 |       |       ||    72
       Hand axe          |       |    14 |   119 |       ||   133
       Rapier            |       |     3 |       |       ||     3
       Mace              |       |       |    12 |     9 ||    21
       Scimitar          |       |       |       |    66 ||    66
 Cast: Freeze            |    46 |     6 |       |     6 ||    58
       Frozen Ramparts   |     1 |    26 |    20 |    31 ||    78
       Ozocubu's Armour  |       |     4 |    20 |    14 ||    38
       Airstrike         |       |       |    24 |    44 ||    68
       Summon Lightning  |       |       |       |     2 ||     2
  Use: Scroll            |       |    11 |     6 |     4 ||    21
       Potion            |       |       |       |     2 ||     2
 Stab: Sleeping          |       |       |     2 |     1 ||     3
Armor: Robe              |     7 |    25 |    55 |    29 ||   116
Dodge: Dodged            |    19 |    61 |   123 |   101 ||   304
Block: Buckler           |     2 |    30 |    51 |    42 ||   125
       Rpst.: Scimitar   |       |       |       |    16 ||    16
